Map: Inside and Out

Players

PappiJoe - Winner!

  • Race: Protoss Protoss
  • Spawn Location: 7:00

Creator

  • Race: Protoss Protoss
  • Spawn Location: 1:00

Event: DreamHack SC2 Masters 2022 Atlanta (Offline)

VOD

Have the link to the VOD?

Description

Time

  • Played on: Nov. 18, 2022, 10:48 a.m.
  • Length: 6:47

All games in this series

Show
View Real Time Build Order
Export as new Build Order

PappiJoe Protoss - Winner!

Build Orders: Blink Stalkers 

Get SALT Encoding   

  12  0:00  Probe  
  13  0:12  Probe  
  14  0:17  Pylon  
  14  0:24  Probe (Chrono Boost)  
  15  0:37  Probe (Chrono Boost), Gateway  
  16  0:45  Probe (Chrono Boost)  
  16  0:48  Assimilator  
  17  0:53  Probe  
  17  0:55  Assimilator  
  18  1:05  Probe (Chrono Boost)  
  18  1:08  Gateway  
  19  1:15  Probe (Chrono Boost)  
  20  1:20  Probe (Chrono Boost)  
  21  1:28  Cybernetics Core  
  21  1:31  Probe  
  22  1:39  Pylon  
  22  1:43  Probe  
  23  2:04  Robotics Facility  
  23  2:06  Stalker  
  25  2:08  Stalker  
  25  2:12  Warp Gate  
  27  2:20  Pylon  
  26  2:36  Adept  
  28  2:38  Adept  
  28  2:40  Pylon  
  30  2:51  Warp Prism (Chrono Boost)  
  32  3:06  Shield Battery  
  32  3:20  Observer  
  32  3:22  Twilight Council  
  33  3:42  Immortal  
  37  3:55  Blink (Chrono Boost)  
  35  4:03  Gateway  
  35  4:09  Stalker x2  
  39  4:17  Gateway  
  39  4:33  Stalker x2  
  43  4:39  Observer  
  43  4:54  Observer  
  43  4:57  Stalker x2  
  43  4:59  Pylon  
  47  5:02  Observer  
  47  5:12  Pylon  
  47  5:25  Stalker x2  
  47  5:27  Stalker  
  53  5:52  Pylon  
  53  5:55  Stalker x2  
  55  6:16  Stalker x2  
  59  6:20  Stalker  
  61  6:29  Stalker  
Show
View Real Time Build Order
Export as new Build Order

Creator Protoss 

Build Orders: Proxy Void Ray 

Get SALT Encoding   

  12  0:00  Probe  
  13  0:12  Probe  
  14  0:18  Pylon  
  14  0:24  Probe  
  15  0:36  Probe (Chrono Boost), Gateway  
  16  0:46  Assimilator  
  16  0:47  Probe (Chrono Boost)  
  17  0:51  Probe (Chrono Boost)  
  18  0:59  Assimilator  
  18  1:03  Probe (Chrono Boost)  
  19  1:08  Pylon  
  19  1:15  Probe (Chrono Boost)  
  20  1:20  Probe (Chrono Boost)  
  21  1:25  Cybernetics Core  
  21  1:28  Zealot  
  21  1:30  Probe  
  24  1:43  Probe  
  25  1:55  Probe  
  26  2:01  Adept (Chrono Boost), Stargate  
  26  2:07  Warp Gate, Probe  
  29  2:14  Shield Battery  
  29  2:22  Stalker (Chrono Boost)  
  30  2:48  Pylon  
  30  2:54  Shield Battery  
  30  3:02  Stalker  
  31  3:09  Void Ray (Chrono Boost)  
  35  3:13  Gateway  
  35  3:17  Shield Battery  
  36  3:31  Pylon  
  35  3:54  Void Ray  
  37  4:03  Stalker  
  39  4:12  Zealot  
  41  4:20  Probe  
  46  4:38  Void Ray  
  46  4:42  Pylon  
  46  4:45  Probe  
  47  5:12  Sentry, Stalker  
  51  5:24  Nexus  
  51  5:26  Probe  
  52  5:36  Robotics Facility  
  52  5:38  Probe  
  52  5:41  Pylon  
  53  5:50  Probe (Chrono Boost)  
  53  5:52  Pylon  
  54  6:02  Sentry, Probe (Chrono Boost)  
  55  6:05  Zealot  
  48  6:29  Sentry  
  48  6:34  Sentry  
Tags
 
Add a new tag
Caveats
  • Supply blocks, unpowered buildings, or Contaminate may cause inaccurate times.
  • Supply counts are checked every 10 seconds.